Jets vs BlackHawks

Created - December-11-12 at 18:51

Goals
1 2 3 OT1 SO T
Jets 1 2 1 0 2 5
BlackHawks 1 0 3 0 1 4
Shots
1 2 3 OT1 SO T
Jets 12 17 9 2 4 40
BlackHawks 5 4 9 2 4 20

1st period

1. BlackHawks , Simon Gagne 5 (Darren Helm, Brett Clark) at 9:39
2. Jets , Jason Garrison 6 (Brooks Orpik, Henrik Sedin) at 18:11 (PP)

Penalties :
Mark Eaton (CHI) for Tripping (Minor) at 3:48, Samuel Pahlsson (CHI) for Roughing (Minor) at 13:11, Brandon Yip (CHI) for Slashing (Double Minor) at 16:17

2nd period

3. Jets , Martin Erat 12 (Jordan Staal, James Wisniewski) at 3:10 (PP)
4. Jets , Ron Hainsey 2 (Pierre-Alexandr Parenteau, Jamie Benn) at 15:24

Penalties :
Anton Babchuk (CHI) for Holding (Minor) at 2:07, Robyn Regehr (CHI) for Interference (Minor) at 4:54, Anton Babchuk (CHI) for Interference (Minor) at 8:52

3rd period

5. BlackHawks , Simon Gagne 6 (Bryan Little, P.K. Subban) at 0:48 (PP)
6. BlackHawks , Jack Hillen 1 (Brett Clark, Mathieu Darche) at 5:53
7. Jets , Jason Garrison 7 (Brooks Orpik, Henrik Sedin) at 10:16 (PP)
8. BlackHawks , Bryan Little 10 (Simon Gagne, P.K. Subban) at 14:31 (PP)

Penalties :
Pierre-Alexandr Parenteau (WPG) for Tripping (Minor) at 0:04, Erik Cole (WPG) for High sticking (Minor) at 3:02, Mark Eaton (CHI) for Roughing (Minor) at 9:16, Mark Giordano (WPG) for Holding (Minor) at 14:11, Mark Fistric (WPG) for Interference (Minor) at 17:20, Robyn Regehr (CHI) for High sticking (Minor) at 19:59

Overtime #1

No Goal

Penalties :
No Penalty

Shootout

Penalty Shot by Matt Moulson for Jets - Goal!
Penalty Shot by Zach Parise for BlackHawks - Stopped by Ilya Bryzgalov
Penalty Shot by Jamie Benn for Jets - Stopped by Jose Theodore
Penalty Shot by Bryan Little for BlackHawks - Goal!
Penalty Shot by Matt Cullen for Jets - Stopped by Jose Theodore
Penalty Shot by Simon Gagne for BlackHawks - Stopped by Ilya Bryzgalov
Penalty Shot by Martin Erat for Jets - Goal!
Penalty Shot by Darren Helm for BlackHawks - Stopped by Ilya Bryzgalov

Penalties :
No Penalty

Goalie Stats

Ilya Bryzgalov (WPG), 16 saves from 20 shots - (0.800), W, 23-5-4, 65:00 minutes
Jose Theodore (CHI), 36 saves from 40 shots - (0.900), OTL, 7-7-1, 65:00 minutes

Players Stats for Jets

Player Name              G  A  P  +/- PIM S  H  SB GA TA FO     MP     PP MP  PK MP  
------------------------------------------------------------------------------------
Brooks Orpik             0  2  2  -1  0   3  3  0  0  0  0/0    25:32   6:54   3:01 
Dainius Zubrus           0  0  0   0  0   3  1  0  0  0  0/0    10:42   0:00   0:56 
David Booth              0  0  0   0  0   1  0  0  0  0  1/1     9:46   0:00   0:00 
Erik Cole                0  0  0  -1  2   3  4  0  0  0  1/4    24:05   6:54   0:00 
Henrik Sedin             0  2  2  -1  0   4  0  0  0  0  21/37  24:38   6:54   0:00 
James Wisniewski         0  1  1  -1  0   2  1  0  0  0  0/0    27:04   6:58   0:20 
Jamie Benn               0  1  1   0  0   0  0  0  0  0  5/8     6:47   0:00   0:00 
Jason Garrison           2  0  2  -1  0   7  1  0  0  0  0/0    23:48   6:54   2:01 
Jordan Staal             0  1  1   0  0   4  1  1  0  0  10/25  21:45   6:58   2:58 
Justin Falk              0  0  0   0  0   0  0  0  0  0  0/0     0:00   0:00   0:00 
Mark Fistric             0  0  0   1  2   1  2  0  0  0  0/0    11:26   0:00   0:00 
Mark Giordano            0  0  0  -1  2   2  4  1  0  0  0/0    25:32   6:58   1:41 
Martin Erat              1  0  1   0  0   3  0  0  0  0  0/1    17:55   6:58   1:22 
Matt Cooke               0  0  0   0  0   0  1  1  0  0  1/1    10:39   0:00   3:52 
Matt Cullen              0  0  0   0  0   0  0  0  0  0  7/12   10:42   0:00   0:56 
Matt Moulson             0  0  0  -1  0   4  0  0  0  0  1/2    24:38   6:54   0:00 
Pierre-Alexandr Parentea 0  1  1   0  2   1  4  0  0  0  2/5    23:19   6:58   0:00 
Ron Hainsey              1  0  1   1  0   2  0  1  0  0  0/0    16:36   0:00   3:01 

Players Stats for BlackHawks

Player Name              G  A  P  +/- PIM S  H  SB GA TA FO     MP     PP MP  PK MP  
------------------------------------------------------------------------------------
Anton Babchuk            0  0  0   0  4   1  0  0  0  0  0/0    17:01   0:41   4:42 
Brandon Yip              0  0  0   0  4   0  2  0  0  0  0/0     4:39   0:00   0:00 
Brett Clark              0  2  2   1  0   0  2  5  0  0  0/0    23:37   1:50   7:03 
Bryan Little             1  1  2  -1  0   2  0  0  0  0  1/2    20:23   2:54   0:28 
Daniel Paille            0  0  0   1  0   0  0  0  0  0  0/0     9:43   0:00   0:00 
Darren Helm              0  1  1   1  0   2  2  0  0  0  6/12   19:36   2:08   5:08 
Jack Hillen              1  0  1   1  0   1  0  0  0  0  0/0    17:44   2:31   0:25 
Jamie McGinn             0  0  0  -1  0   1  6  0  0  0  0/0    22:48   1:07   7:18 
Jay McClement            0  0  0   0  0   1  0  0  0  0  12/23  12:57   0:00   7:54 
Louis Leblanc            0  0  0   0  0   1  0  0  0  0  1/1     5:03   0:00   0:23 
Mark Eaton               0  0  0   0  4   1  1  2  0  0  0/0    18:54   0:00   5:38 
Mathieu Darche           0  1  1   1  0   0  0  0  0  0  0/1    12:25   0:00   2:42 
P.K. Subban              0  2  2   0  0   0  1  2  0  0  0/0    29:19   3:12   8:24 
Robyn Regehr             0  0  0   0  4   1  2  2  0  0  0/0    23:19   1:50   5:30 
Samuel Pahlsson          0  0  0   1  2   2  0  0  0  0  13/21  15:43   1:01   4:19 
Simon Gagne              2  1  3   1  0   3  0  0  0  0  1/1    15:14   2:54   0:00 
Tyler Kennedy            0  0  0   1  0   2  1  0  0  0  2/3    14:28   2:08   0:00 
Zach Parise              0  0  0  -1  0   2  1  0  0  0  11/32  21:08   2:54   1:31 

3 Stars

1 - Simon Gagne (CHI)
2 - Jason Garrison (WPG)
3 - Brett Clark (CHI)

Power Play

Jets - 3 on 9 Attempt(s) - 33.33%
BlackHawks - 2 on 4 Attempt(s) - 50.00%

Penalty Kill

Jets - 2 on 4 Attempt(s) - 50.00% - Score 0 goal in Penalty Kill
BlackHawks - 6 on 9 Attempt(s) - 66.67% - Score 0 goal in Penalty Kill

Official

Referees : Gord Dwyer and Mark Lemelin
Linesman : Tim Nowak and Mark Wheler

Game Notes

No Game Note

Finance

Level 1 -- Attendance: 2325 (35.77%) -- Ticket Income $581,250
Level 2 -- Attendance: 1419 (28.38%) -- Ticket Income $354,750
Level 3 -- Attendance: 751 (21.46%) -- Ticket Income $150,200
Level 4 -- Attendance: 484 (10.76%) -- Ticket Income $96,800
Luxury Box -- Attendance: 493 (49.30%) -- Ticket Income $221,850
Game was played at the United Center
Total Attendance: 5472 (26.69%)
Total Ticket Income: $1,404,850
Other Income: $210,728
Total Income: $1,615,578


% Time on Ice - Jets

Lines # - Real PCT - Wanted PCT - Time Play
Normal Forward
1 - 36% - 37% - 14:58
2 - 23% - 32% - 9:35
3 - 17% - 24% - 6:47
4 - 24% - 7% - 9:46
Normal Defense
1 - 41% - 40% - 16:54
2 - 31% - 30% - 12:45
3 - 21% - 20% - 8:35
4 - 7% - 10% - 2:52
PP Forward
1 - 50% - 50% - 6:54
2 - 50% - 50% - 6:58
PP Defense
1 - 50% - 63% - 6:58
2 - 50% - 37% - 6:54
PK Forward
1 - 81% - 60% - 4:06
2 - 19% - 40% - 0:56
PK Defense
1 - 60% - 60% - 3:01
2 - 40% - 40% - 2:01
PK3 Forward
1 - 0% - 60%
2 - 0% - 40%
PK3 Defense
1 - 0% - 60%
2 - 0% - 40%
44 Forward
1 - 55% - 60% - 2:46
2 - 45% - 40% - 2:14
44 Defense
1 - 57% - 60% - 2:52
2 - 43% - 40% - 2:08
Last Minute Offensive  - 0:00
Last Minute Defensive  - 0:00
Total
Forward - 65:00
Defense - 65:00

% Time on Ice - BlackHawks

Lines # - Real PCT - Wanted PCT - Time Play
Normal Forward
1 - 35% - 40% - 14:23
2 - 30% - 30% - 12:20
3 - 24% - 20% - 9:43
4 - 11% - 10% - 4:40
Normal Defense
1 - 37% - 40% - 15:13
2 - 30% - 30% - 12:31
3 - 27% - 20% - 11:05
4 - 6% - 10% - 2:17
PP Forward
1 - 58% - 60% - 2:54
2 - 42% - 40% - 2:08
PP Defense
1 - 64% - 60% - 3:12
2 - 36% - 40% - 1:50
PK Forward
1 - 63% - 60% - 8:44
2 - 37% - 40% - 5:08
PK Defense
1 - 53% - 60% - 7:19
2 - 47% - 40% - 6:33
PK3 Forward
1 - 76% - 60% - 1:31
2 - 24% - 40% - 0:28
PK3 Defense
1 - 67% - 60% - 1:20
2 - 33% - 40% - 0:39
44 Forward
1 - 100% - 60% - 3:01
2 - 0% - 40% - 0:00
44 Defense
1 - 27% - 60% - 0:48
2 - 73% - 40% - 2:13
Last Minute Offensive  - 0:00
Last Minute Defensive  - 0:00
Total
Forward - 65:00
Defense - 65:00

Play by Play

1st period


0:01 of 1st period - Henrik Sedin wins face-off versus Zach Parise in neutral zone.
0:08 of 1st period - Shot by Matt Moulson.
0:08 of 1st period - Deflect By Erik Cole.
0:08 of 1st period - Shot Hit the Post.
0:10 of 1st period - Shot by Mark Giordano.
0:10 of 1st period - Shot Blocked by Robyn Regehr.
0:19 of 1st period - Icing by Bryan Little.
0:20 of 1st period - Zach Parise wins face-off versus Jordan Staal in BlackHawks zone.
0:28 of 1st period - Icing by Jason Garrison.
0:29 of 1st period - Simon Gagne wins face-off versus Jordan Staal in Jets zone.
0:51 of 1st period - Off-side.
0:52 of 1st period - Samuel Pahlsson wins face-off versus Matt Cullen in neutral zone.
0:52 of 1st period - Samuel Pahlsson is hit by Dainius Zubrus.
2:26 of 1st period - Shot by Bryan Little.
2:26 of 1st period - Stopped by Ilya Bryzgalov without a rebound.
2:27 of 1st period - Henrik Sedin wins face-off versus Darren Helm in Jets zone.
3:43 of 1st period - Shot by Pierre-Alexandr Parenteau.
3:43 of 1st period - Stopped by Jose Theodore without a rebound.
3:44 of 1st period - David Booth wins face-off versus Zach Parise in BlackHawks zone.
3:48 of 1st period - Minor Penalty to Mark Eaton for Tripping.
3:49 of 1st period - Jay McClement wins face-off versus Jordan Staal in BlackHawks zone.
4:12 of 1st period - Shot by James Wisniewski.
4:12 of 1st period - Shot Blocked by Brett Clark.
4:14 of 1st period - Shot by Jordan Staal.
4:14 of 1st period - Shot Blocked by Brett Clark.
4:16 of 1st period - Shot by James Wisniewski.
4:16 of 1st period - Stopped by Jose Theodore without a rebound.
4:17 of 1st period - Samuel Pahlsson wins face-off versus Henrik Sedin in BlackHawks zone.
4:54 of 1st period - Shot by Erik Cole.
4:54 of 1st period - Stopped by Jose Theodore without a rebound.
4:55 of 1st period - Samuel Pahlsson wins face-off versus Jordan Staal in BlackHawks zone.
5:10 of 1st period - Shot by Mark Giordano.
5:10 of 1st period - Shot Misses the Net.
5:28 of 1st period - Shot by Martin Erat.
5:28 of 1st period - Shot Blocked by Brett Clark.
5:30 of 1st period - Shot by Jordan Staal.
5:30 of 1st period - Stopped by Jose Theodore without a rebound.
5:31 of 1st period - Jay McClement wins face-off versus Henrik Sedin in BlackHawks zone.
5:31 of 1st period - Jay McClement is hit by Erik Cole.
6:01 of 1st period - Shot by Dainius Zubrus.
6:01 of 1st period - Stopped by Jose Theodore without a rebound.
6:02 of 1st period - Samuel Pahlsson wins face-off versus Jamie Benn in BlackHawks zone.
6:57 of 1st period - Icing by Matt Cooke.
6:58 of 1st period - Jamie Benn wins face-off versus Zach Parise in Jets zone.
6:58 of 1st period - Jamie Benn is hit by Jamie McGinn.
7:10 of 1st period - Shot by Zach Parise.
7:10 of 1st period - Stopped by Ilya Bryzgalov with a rebound.
7:12 of 1st period - Shot by Robyn Regehr.
7:12 of 1st period - Stopped by Ilya Bryzgalov without a rebound.
7:13 of 1st period - Henrik Sedin wins face-off versus Darren Helm in Jets zone.
7:13 of 1st period - Henrik Sedin is hit by Darren Helm.
7:45 of 1st period - Shot by Henrik Sedin.
7:45 of 1st period - Stopped by Jose Theodore without a rebound.
7:46 of 1st period - Matt Cullen wins face-off versus Zach Parise in BlackHawks zone.
7:54 of 1st period - Icing by Bryan Little.
7:55 of 1st period - Matt Cullen wins face-off versus Zach Parise in BlackHawks zone.
8:02 of 1st period - Shot by Matt Cullen.
8:02 of 1st period - Shot Misses the Net.
9:02 of 1st period - Shot by Jordan Staal.
9:02 of 1st period - Shot Misses the Net.
9:04 of 1st period - Shot by Jordan Staal.
9:04 of 1st period - Stopped by Jose Theodore without a rebound.
9:05 of 1st period - Darren Helm wins face-off versus Erik Cole in BlackHawks zone.
9:10 of 1st period - Brooks Orpik is hit by Tyler Kennedy and loses puck.
9:21 of 1st period - Shot by Simon Gagne.
9:21 of 1st period - Shot Misses the Net.
9:23 of 1st period - Shot by Brett Clark.
9:23 of 1st period - Shot Misses the Net.
9:25 of 1st period - Shot by Tyler Kennedy.
9:25 of 1st period - Shot Misses the Net.
9:39 of 1st period - Shot by Simon Gagne.
9:39 of 1st period - Goal by Simon Gagne - Jets : 0 - BlackHawks : 1.
9:40 of 1st period - Louis Leblanc wins face-off versus Jordan Staal in neutral zone.
10:10 of 1st period - Icing by Anton Babchuk.
10:11 of 1st period - Jay McClement wins face-off versus Henrik Sedin in BlackHawks zone.
10:38 of 1st period - Icing by P.K. Subban.
10:39 of 1st period - Darren Helm wins face-off versus Jordan Staal in BlackHawks zone.
10:39 of 1st period - Darren Helm is hit by Pierre-Alexandr Parenteau.
10:55 of 1st period - Shot by Darren Helm.
10:55 of 1st period - Stopped by Ilya Bryzgalov without a rebound.
10:56 of 1st period - Zach Parise wins face-off versus Erik Cole in Jets zone.
11:10 of 1st period - Henrik Sedin is hit by Robyn Regehr and loses puck.
11:55 of 1st period - Icing by P.K. Subban.
11:56 of 1st period - Jordan Staal wins face-off versus Zach Parise in BlackHawks zone.
13:11 of 1st period - Minor Penalty to Samuel Pahlsson for Roughing.
13:12 of 1st period - Henrik Sedin wins face-off versus Jay McClement in BlackHawks zone.
13:17 of 1st period - Shot by Jason Garrison.
13:17 of 1st period - Stopped by Jose Theodore without a rebound.
13:18 of 1st period - Jay McClement wins face-off versus Henrik Sedin in BlackHawks zone.
13:18 of 1st period - Jay McClement is hit by Erik Cole.
13:46 of 1st period - Shot by Brooks Orpik.
13:46 of 1st period - Shot Misses the Net.
15:42 of 1st period - Shot by Zach Parise.
15:42 of 1st period - Shot Misses the Net.
15:45 of 1st period - Icing by Ron Hainsey.
15:46 of 1st period - Matt Cullen wins face-off versus Jay McClement in Jets zone.
15:46 of 1st period - Matt Cullen is hit by Brandon Yip.
16:17 of 1st period - Double Minor Penalty to Brandon Yip for Slashing.
16:18 of 1st period - Jordan Staal wins face-off versus Samuel Pahlsson in BlackHawks zone.
17:02 of 1st period - Jamie McGinn is hit by Mark Giordano and loses puck.
17:45 of 1st period - Shot by Matt Moulson.
17:45 of 1st period - Stopped by Jose Theodore without a rebound.
17:46 of 1st period - Henrik Sedin wins face-off versus Samuel Pahlsson in BlackHawks zone.
18:03 of 1st period - Shot by Brooks Orpik.
18:03 of 1st period - Stopped by Jose Theodore with a rebound.
18:05 of 1st period - Shot by Brooks Orpik.
18:05 of 1st period - Shot Misses the Net.
18:07 of 1st period - Shot by Jason Garrison.
18:07 of 1st period - Shot Blocked by P.K. Subban.
18:09 of 1st period - Shot by Jason Garrison.
18:09 of 1st period - Shot Blocked by Robyn Regehr.
18:11 of 1st period - Shot by Jason Garrison.
18:11 of 1st period - Goal by Jason Garrison - Jets : 1 - BlackHawks : 1.
18:12 of 1st period - Jordan Staal wins face-off versus Jay McClement in neutral zone.
18:17 of 1st period - Shot by Mark Giordano.
18:17 of 1st period - Shot Misses the Net.
18:54 of 1st period - Icing by Pierre-Alexandr Parenteau.
18:55 of 1st period - Samuel Pahlsson wins face-off versus Jordan Staal in Jets zone.
19:32 of 1st period - Shot by Jason Garrison.
19:32 of 1st period - Stopped by Jose Theodore without a rebound.
19:33 of 1st period - Jay McClement wins face-off versus Henrik Sedin in BlackHawks zone.

2nd period


0:01 of 2nd period - Jay McClement wins face-off versus Jordan Staal in neutral zone.
0:01 of 2nd period - Jay McClement is hit by Pierre-Alexandr Parenteau.
0:30 of 2nd period - Shot by Jason Garrison.
0:30 of 2nd period - Shot Misses the Net.
0:32 of 2nd period - Shot by Brooks Orpik.
0:32 of 2nd period - Stopped by Jose Theodore with a rebound.
0:59 of 2nd period - Icing by Brett Clark.
1:00 of 2nd period - Pierre-Alexandr Parenteau wins face-off versus Darren Helm in BlackHawks zone.
1:20 of 2nd period - Off-side.
1:21 of 2nd period - Matt Cullen wins face-off versus Zach Parise in neutral zone.
1:50 of 2nd period - Shot by Dainius Zubrus.
1:50 of 2nd period - Shot Misses the Net.
1:52 of 2nd period - Shot by Dainius Zubrus.
1:52 of 2nd period - Stopped by Jose Theodore without a rebound.
1:53 of 2nd period - Henrik Sedin wins face-off versus Samuel Pahlsson in BlackHawks zone.
2:07 of 2nd period - Minor Penalty to Anton Babchuk for Holding.
2:08 of 2nd period - Jay McClement wins face-off versus Jordan Staal in BlackHawks zone.
2:19 of 2nd period - Shot by Jay McClement.
2:19 of 2nd period - Stopped by Ilya Bryzgalov without a rebound.
2:20 of 2nd period - Henrik Sedin wins face-off versus Jay McClement in Jets zone.
2:31 of 2nd period - Shot by Brooks Orpik.
2:31 of 2nd period - Shot Blocked by Mark Eaton.
2:33 of 2nd period - Shot by Brooks Orpik.
2:33 of 2nd period - Stopped by Jose Theodore without a rebound.
2:34 of 2nd period - Jay McClement wins face-off versus Jordan Staal in BlackHawks zone.
2:51 of 2nd period - Icing by James Wisniewski.
2:52 of 2nd period - Jordan Staal wins face-off versus Jay McClement in Jets zone.
2:52 of 2nd period - Jordan Staal is hit by Jamie McGinn.
3:10 of 2nd period - Shot by Martin Erat.
3:10 of 2nd period - Goal by Martin Erat - Jets : 2 - BlackHawks : 1.
3:11 of 2nd period - Samuel Pahlsson wins face-off versus Erik Cole in neutral zone.
3:13 of 2nd period - Off-side.
3:14 of 2nd period - Henrik Sedin wins face-off versus Samuel Pahlsson in neutral zone.
3:31 of 2nd period - Shot by Henrik Sedin.
3:31 of 2nd period - Shot Misses the Net.
3:33 of 2nd period - Shot by Jason Garrison.
3:33 of 2nd period - Stopped by Jose Theodore with a rebound.
3:39 of 2nd period - Shot by Henrik Sedin.
3:39 of 2nd period - Stopped by Jose Theodore without a rebound.
3:40 of 2nd period - Zach Parise wins face-off versus Jordan Staal in BlackHawks zone.
3:47 of 2nd period - Icing by Mark Giordano.
3:48 of 2nd period - Jordan Staal wins face-off versus Zach Parise in Jets zone.
4:54 of 2nd period - Minor Penalty to Robyn Regehr for Interference.
4:55 of 2nd period - Henrik Sedin wins face-off versus Jay McClement in BlackHawks zone.
5:10 of 2nd period - Shot by Henrik Sedin.
5:10 of 2nd period - Shot Misses the Net.
5:24 of 2nd period - Shot by Matt Moulson.
5:24 of 2nd period - Shot Misses the Net.
6:28 of 2nd period - Shot by Erik Cole.
6:28 of 2nd period - Stopped by Jose Theodore without a rebound.
6:29 of 2nd period - Henrik Sedin wins face-off versus Samuel Pahlsson in BlackHawks zone.
6:30 of 2nd period - Shot by Jason Garrison.
6:30 of 2nd period - Stopped by Jose Theodore with a rebound.
6:58 of 2nd period - Shot by Erik Cole.
6:58 of 2nd period - Shot Misses the Net.
7:00 of 2nd period - Shot by Dainius Zubrus.
7:00 of 2nd period - Shot Blocked by P.K. Subban.
7:02 of 2nd period - Shot by Mark Fistric.
7:02 of 2nd period - Stopped by Jose Theodore without a rebound.
7:03 of 2nd period - Samuel Pahlsson wins face-off versus Matt Cullen in BlackHawks zone.
7:49 of 2nd period - Ron Hainsey is hit by Robyn Regehr and loses puck.
8:17 of 2nd period - Pierre-Alexandr Parenteau is hit by P.K. Subban and loses puck.
8:28 of 2nd period - Shot by Mark Giordano.
8:28 of 2nd period - Stopped by Jose Theodore without a rebound.
8:29 of 2nd period - Erik Cole wins face-off versus Zach Parise in BlackHawks zone.
8:29 of 2nd period - Matt Moulson is hit by Mark Eaton and loses puck.
8:52 of 2nd period - Minor Penalty to Anton Babchuk for Interference.
8:53 of 2nd period - Jay McClement wins face-off versus Jordan Staal in BlackHawks zone.
9:27 of 2nd period - Shot by Martin Erat.
9:27 of 2nd period - Stopped by Jose Theodore without a rebound.
9:28 of 2nd period - Matt Moulson wins face-off versus Jay McClement in BlackHawks zone.
10:43 of 2nd period - Shot by Mark Giordano.
10:43 of 2nd period - Shot Misses the Net.
10:45 of 2nd period - Shot by Jordan Staal.
10:45 of 2nd period - Stopped by Jose Theodore with a rebound.
10:47 of 2nd period - Shot by Mark Giordano.
10:47 of 2nd period - Stopped by Jose Theodore with a rebound.
10:51 of 2nd period - Shot by James Wisniewski.
10:51 of 2nd period - Shot Misses the Net.
11:11 of 2nd period - Shot by David Booth.
11:11 of 2nd period - Stopped by Jose Theodore without a rebound.
11:12 of 2nd period - Zach Parise wins face-off versus Pierre-Alexandr Parenteau in BlackHawks zone.
11:21 of 2nd period - Off-side.
11:22 of 2nd period - Samuel Pahlsson wins face-off versus Henrik Sedin in neutral zone.
12:14 of 2nd period - Icing by Jack Hillen.
12:15 of 2nd period - Samuel Pahlsson wins face-off versus Jordan Staal in BlackHawks zone.
12:15 of 2nd period - Samuel Pahlsson is hit by Pierre-Alexandr Parenteau.
12:35 of 2nd period - Shot by Mark Eaton.
12:35 of 2nd period - Shot Misses the Net.
12:37 of 2nd period - Shot by Anton Babchuk.
12:37 of 2nd period - Stopped by Ilya Bryzgalov without a rebound.
12:38 of 2nd period - Darren Helm wins face-off versus Matt Cullen in Jets zone.
13:11 of 2nd period - Shot by Simon Gagne.
13:11 of 2nd period - Deflect By Tyler Kennedy.
13:11 of 2nd period - Stopped by Ilya Bryzgalov without a rebound.
13:12 of 2nd period - Henrik Sedin wins face-off versus Zach Parise in Jets zone.
13:12 of 2nd period - Henrik Sedin is hit by Jamie McGinn.
13:20 of 2nd period - Icing by Erik Cole.
13:21 of 2nd period - Zach Parise wins face-off versus Henrik Sedin in Jets zone.
13:21 of 2nd period - Jamie McGinn is hit by Mark Giordano and loses puck.
13:30 of 2nd period - Shot by Matt Moulson.
13:30 of 2nd period - Shot Misses the Net.
13:32 of 2nd period - Shot by Matt Moulson.
13:32 of 2nd period - Stopped by Jose Theodore without a rebound.
13:33 of 2nd period - Jordan Staal wins face-off versus Darren Helm in BlackHawks zone.
15:08 of 2nd period - Icing by Mark Giordano.
15:09 of 2nd period - Henrik Sedin wins face-off versus Zach Parise in Jets zone.
15:09 of 2nd period - Henrik Sedin is hit by Jamie McGinn.
15:14 of 2nd period - Off-side.
15:15 of 2nd period - Jamie Benn wins face-off versus Bryan Little in neutral zone.
15:24 of 2nd period - Shot by Ron Hainsey.
15:24 of 2nd period - Goal by Ron Hainsey - Jets : 3 - BlackHawks : 1.
15:25 of 2nd period - Jordan Staal wins face-off versus Zach Parise in neutral zone.
15:56 of 2nd period - Zach Parise is hit by Pierre-Alexandr Parenteau and loses puck.
16:40 of 2nd period - Mathieu Darche is hit by Mark Giordano and loses puck.
16:59 of 2nd period - Icing by Samuel Pahlsson.
17:00 of 2nd period - Matt Cullen wins face-off versus Samuel Pahlsson in BlackHawks zone.
17:00 of 2nd period - Matt Cullen is hit by Brett Clark.
17:34 of 2nd period - Shot by Dainius Zubrus.
17:34 of 2nd period - Stopped by Jose Theodore without a rebound.
17:35 of 2nd period - Zach Parise wins face-off versus Jamie Benn in BlackHawks zone.
17:50 of 2nd period - Shot by Zach Parise.
17:50 of 2nd period - Deflect By Jamie McGinn.
17:50 of 2nd period - Stopped by Ilya Bryzgalov without a rebound.
17:51 of 2nd period - Henrik Sedin wins face-off versus Tyler Kennedy in Jets zone.
17:51 of 2nd period - Henrik Sedin is hit by Darren Helm.
18:44 of 2nd period - Zach Parise is hit by Mark Giordano and loses puck.
19:10 of 2nd period - Icing by Brooks Orpik.
19:11 of 2nd period - Samuel Pahlsson wins face-off versus Jamie Benn in Jets zone.
19:18 of 2nd period - Samuel Pahlsson is hit by Matt Cooke and loses puck.

3rd period


0:01 of 3rd period - Zach Parise wins face-off versus Jordan Staal in neutral zone.
0:01 of 3rd period - Zach Parise is hit by Jordan Staal.
0:04 of 3rd period - Minor Penalty to Pierre-Alexandr Parenteau for Tripping.
0:05 of 3rd period - Zach Parise wins face-off versus Jordan Staal in Jets zone.
0:25 of 3rd period - Simon Gagne is hit by Brooks Orpik and loses puck.
0:30 of 3rd period - Shot by P.K. Subban.
0:30 of 3rd period - Shot Blocked by Jordan Staal.
0:44 of 3rd period - Shot by P.K. Subban.
0:44 of 3rd period - Shot Misses the Net.
0:46 of 3rd period - Shot by Bryan Little.
0:46 of 3rd period - Shot Misses the Net.
0:48 of 3rd period - Shot by Simon Gagne.
0:48 of 3rd period - Goal by Simon Gagne - Jets : 3 - BlackHawks : 2.
0:49 of 3rd period - Jay McClement wins face-off versus Henrik Sedin in neutral zone.
1:14 of 3rd period - Mark Giordano is hit by Brandon Yip and loses puck.
2:59 of 3rd period - Shot by Martin Erat.
2:59 of 3rd period - Stopped by Jose Theodore without a rebound.
3:00 of 3rd period - Darren Helm wins face-off versus Henrik Sedin in BlackHawks zone.
3:02 of 3rd period - Minor Penalty to Erik Cole for High sticking.
3:03 of 3rd period - Jordan Staal wins face-off versus Darren Helm in Jets zone.
3:26 of 3rd period - Shot by Darren Helm.
3:26 of 3rd period - Shot Blocked by Matt Cooke.
3:28 of 3rd period - Shot by Samuel Pahlsson.
3:28 of 3rd period - Stopped by Ilya Bryzgalov with a rebound.
3:30 of 3rd period - Shot by Darren Helm.
3:30 of 3rd period - Shot Blocked by Mark Giordano.
3:49 of 3rd period - Icing by Zach Parise.
3:50 of 3rd period - Matt Cullen wins face-off versus Zach Parise in BlackHawks zone.
4:05 of 3rd period - Brooks Orpik is hit by Zach Parise.
5:09 of 3rd period - Shot by Erik Cole.
5:09 of 3rd period - Shot Blocked by Mark Eaton.
5:11 of 3rd period - Shot by Mark Giordano.
5:11 of 3rd period - Deflect By Erik Cole.
5:11 of 3rd period - Shot Misses the Net.
5:13 of 3rd period - Shot by Erik Cole.
5:13 of 3rd period - Deflect By Matt Moulson.
5:13 of 3rd period - Stopped by Jose Theodore without a rebound.
5:14 of 3rd period - Jay McClement wins face-off versus Henrik Sedin in BlackHawks zone.
5:25 of 3rd period - Shot by Louis Leblanc.
5:25 of 3rd period - Stopped by Ilya Bryzgalov without a rebound.
5:26 of 3rd period - Samuel Pahlsson wins face-off versus Pierre-Alexandr Parenteau in Jets zone.
5:53 of 3rd period - Shot by Jack Hillen.
5:53 of 3rd period - Goal by Jack Hillen - Jets : 3 - BlackHawks : 3.
5:54 of 3rd period - Tyler Kennedy wins face-off versus Henrik Sedin in neutral zone.
6:02 of 3rd period - Icing by Henrik Sedin.
6:03 of 3rd period - Zach Parise wins face-off versus Henrik Sedin in Jets zone.
6:14 of 3rd period - Shot by Zach Parise.
6:14 of 3rd period - Shot Misses the Net.
6:19 of 3rd period - Henrik Sedin is hit by Jamie McGinn.
7:06 of 3rd period - Shot by Darren Helm.
7:06 of 3rd period - Shot Misses the Net.
7:08 of 3rd period - Shot by Tyler Kennedy.
7:08 of 3rd period - Stopped by Ilya Bryzgalov without a rebound.
7:09 of 3rd period - Jamie Benn wins face-off versus Mathieu Darche in Jets zone.
7:25 of 3rd period - Jack Hillen is hit by James Wisniewski.
7:27 of 3rd period - Shot by Samuel Pahlsson.
7:27 of 3rd period - Stopped by Ilya Bryzgalov with a rebound.
7:29 of 3rd period - Shot by Brett Clark.
7:29 of 3rd period - Shot Misses the Net.
7:31 of 3rd period - Shot by Brett Clark.
7:31 of 3rd period - Shot Misses the Net.
8:55 of 3rd period - Icing by Ron Hainsey.
8:56 of 3rd period - Bryan Little wins face-off versus Matt Cullen in Jets zone.
9:16 of 3rd period - Minor Penalty to Mark Eaton for Roughing.
9:17 of 3rd period - Henrik Sedin wins face-off versus Jay McClement in BlackHawks zone.
9:26 of 3rd period - Shot by Matt Moulson.
9:26 of 3rd period - Stopped by Jose Theodore without a rebound.
9:27 of 3rd period - Pierre-Alexandr Parenteau wins face-off versus Jay McClement in BlackHawks zone.
9:58 of 3rd period - Shot by James Wisniewski.
9:58 of 3rd period - Stopped by Jose Theodore without a rebound.
9:59 of 3rd period - Henrik Sedin wins face-off versus Samuel Pahlsson in BlackHawks zone.
10:00 of 3rd period - Shot by Brooks Orpik.
10:00 of 3rd period - Shot Blocked by Brett Clark.
10:02 of 3rd period - Shot by Henrik Sedin.
10:02 of 3rd period - Shot Misses the Net.
10:08 of 3rd period - Shot by Jason Garrison.
10:08 of 3rd period - Stopped by Jose Theodore with a rebound.
10:10 of 3rd period - Shot by Jason Garrison.
10:10 of 3rd period - Shot Misses the Net.
10:12 of 3rd period - Shot by Brooks Orpik.
10:12 of 3rd period - Shot Misses the Net.
10:14 of 3rd period - Shot by Jason Garrison.
10:14 of 3rd period - Shot Misses the Net.
10:16 of 3rd period - Shot by Jason Garrison.
10:16 of 3rd period - Goal by Jason Garrison - Jets : 4 - BlackHawks : 3.
10:17 of 3rd period - Jamie Benn wins face-off versus Jay McClement in neutral zone.
10:39 of 3rd period - Off-side.
10:40 of 3rd period - Henrik Sedin wins face-off versus Zach Parise in neutral zone.
10:40 of 3rd period - Mark Giordano is hit by Jamie McGinn and loses puck.
11:00 of 3rd period - Henrik Sedin is hit by Brett Clark and loses puck.
11:12 of 3rd period - Icing by James Wisniewski.
11:13 of 3rd period - Darren Helm wins face-off versus Henrik Sedin in Jets zone.
11:20 of 3rd period - Darren Helm is hit by Erik Cole.
11:39 of 3rd period - Icing by Mark Giordano.
11:40 of 3rd period - Henrik Sedin wins face-off versus Zach Parise in Jets zone.
12:18 of 3rd period - Icing by Jason Garrison.
12:19 of 3rd period - Darren Helm wins face-off versus Pierre-Alexandr Parenteau in Jets zone.
12:29 of 3rd period - Tyler Kennedy is hit by Brooks Orpik and loses puck.
12:46 of 3rd period - Shot by Simon Gagne.
12:46 of 3rd period - Deflect By Tyler Kennedy.
12:46 of 3rd period - Shot Misses the Net.
12:48 of 3rd period - Shot by Robyn Regehr.
12:48 of 3rd period - Shot Misses the Net.
14:11 of 3rd period - Minor Penalty to Mark Giordano for Holding.
14:12 of 3rd period - Jordan Staal wins face-off versus Zach Parise in Jets zone.
14:31 of 3rd period - Shot by Bryan Little.
14:31 of 3rd period - Goal by Bryan Little - Jets : 4 - BlackHawks : 4.
14:32 of 3rd period - Jay McClement wins face-off versus Henrik Sedin in neutral zone.
14:53 of 3rd period - Shot by Henrik Sedin.
14:53 of 3rd period - Stopped by Jose Theodore without a rebound.
14:54 of 3rd period - Jamie Benn wins face-off versus Zach Parise in BlackHawks zone.
16:01 of 3rd period - Shot by Henrik Sedin.
16:01 of 3rd period - Shot Misses the Net.
16:19 of 3rd period - Shot by Henrik Sedin.
16:19 of 3rd period - Stopped by Jose Theodore without a rebound.
16:20 of 3rd period - Tyler Kennedy wins face-off versus Matt Cullen in BlackHawks zone.
16:49 of 3rd period - Shot by Simon Gagne.
16:49 of 3rd period - Shot Misses the Net.
16:51 of 3rd period - Shot by Simon Gagne.
16:51 of 3rd period - Stopped by Ilya Bryzgalov without a rebound.
16:52 of 3rd period - Samuel Pahlsson wins face-off versus Martin Erat in Jets zone.
16:52 of 3rd period - Samuel Pahlsson is hit by Mark Fistric.
17:05 of 3rd period - Mathieu Darche is hit by Mark Fistric.
17:20 of 3rd period - Minor Penalty to Mark Fistric for Interference.
17:21 of 3rd period - Matt Cooke wins face-off versus Darren Helm in Jets zone.
18:33 of 3rd period - Shot by Bryan Little.
18:33 of 3rd period - Shot Blocked by Ron Hainsey.
19:18 of 3rd period - Shot by P.K. Subban.
19:18 of 3rd period - Shot Misses the Net.
19:20 of 3rd period - Shot by Darren Helm.
19:20 of 3rd period - Stopped by Ilya Bryzgalov without a rebound.
19:21 of 3rd period - Henrik Sedin wins face-off versus Jay McClement in Jets zone.
19:48 of 3rd period - Shot by Erik Cole.
19:48 of 3rd period - Stopped by Jose Theodore without a rebound.
19:49 of 3rd period - Matt Cullen wins face-off versus Samuel Pahlsson in BlackHawks zone.
19:59 of 3rd period - Minor Penalty to Robyn Regehr for High sticking.

Overtime #1


0:01 of 1st overtime period - Henrik Sedin wins face-off versus Zach Parise in neutral zone.
0:47 of 1st overtime period - Icing by Matt Moulson.
0:48 of 1st overtime period - Zach Parise wins face-off versus Henrik Sedin in Jets zone.
1:33 of 1st overtime period - Shot by Jordan Staal.
1:33 of 1st overtime period - Shot Misses the Net.
1:35 of 1st overtime period - Shot by Ron Hainsey.
1:35 of 1st overtime period - Stopped by Jose Theodore with a rebound.
1:37 of 1st overtime period - Shot by Jordan Staal.
1:37 of 1st overtime period - Stopped by Jose Theodore without a rebound.
1:38 of 1st overtime period - Henrik Sedin wins face-off versus Zach Parise in BlackHawks zone.
2:00 of 1st overtime period - Mark Eaton is hit by Jason Garrison and loses puck.
2:16 of 1st overtime period - Mark Eaton is hit by Brooks Orpik and loses puck.
3:00 of 1st overtime period - Icing by Brooks Orpik.
3:01 of 1st overtime period - Jordan Staal wins face-off versus Zach Parise in Jets zone.
3:11 of 1st overtime period - Icing by Robyn Regehr.
3:12 of 1st overtime period - Henrik Sedin wins face-off versus Zach Parise in BlackHawks zone.
3:25 of 1st overtime period - Shot by Zach Parise.
3:25 of 1st overtime period - Stopped by Ilya Bryzgalov without a rebound.
3:26 of 1st overtime period - Samuel Pahlsson wins face-off versus Henrik Sedin in Jets zone.
3:27 of 1st overtime period - Shot by Mark Eaton.
3:27 of 1st overtime period - Stopped by Ilya Bryzgalov without a rebound.
3:28 of 1st overtime period - Zach Parise wins face-off versus Matt Moulson in Jets zone.
4:28 of 1st overtime period - Zach Parise is hit by Erik Cole and loses puck.
4:39 of 1st overtime period - Shot by Jordan Staal.
4:39 of 1st overtime period - Shot Blocked by Brett Clark.
4:41 of 1st overtime period - Shot by Jordan Staal.
4:41 of 1st overtime period - Shot Misses the Net.

ShootOut


5:00 of 1st overtime period - Penalty Shot by Matt Moulson for Jets.
5:00 of 1st overtime period - Goal by Matt Moulson.
5:00 of 1st overtime period - Penalty Shot by Zach Parise for BlackHawks.
5:00 of 1st overtime period - Stopped by Ilya Bryzgalov.
5:00 of 1st overtime period - Penalty Shot by Jamie Benn for Jets.
5:00 of 1st overtime period - Stopped by Jose Theodore.
5:00 of 1st overtime period - Penalty Shot by Bryan Little for BlackHawks.
5:00 of 1st overtime period - Goal by Bryan Little.
5:00 of 1st overtime period - Penalty Shot by Matt Cullen for Jets.
5:00 of 1st overtime period - Stopped by Jose Theodore.
5:00 of 1st overtime period - Penalty Shot by Simon Gagne for BlackHawks.
5:00 of 1st overtime period - Stopped by Ilya Bryzgalov.
5:00 of 1st overtime period - Penalty Shot by Martin Erat for Jets.
5:00 of 1st overtime period - Goal by Martin Erat.
5:00 of 1st overtime period - Penalty Shot by Darren Helm for BlackHawks.
5:00 of 1st overtime period - Stopped by Ilya Bryzgalov.


Output by the SimonT Hockey Simulator (STHS) for Stephane Roy -- Original Page W3C XHTML 1.0 Valid
Hockey Simulator - Hockey Simulation - Hockey Manager